 Dungeon Crawl Stone Soup version 0.30-a0-728-gc68057be0a (webtiles) character file.

Game seed: 9163818548649426983

112 DEFE the Chucker (level 5, -1/37 HPs)
             Began as a Djinni Wanderer on Jan 30, 2023.
             Slain by an iguana (3 damage)
             ... on level 4 of the Dungeon.
             The game lasted 00:02:15 (2426 turns).

DEFE the Chucker (Djinni Wanderer)                  Turns: 2426, Time: 00:02:16

Health: -1/37      AC:  4    Str: 10    XL:     5   Next: 16%
Gold:   212        EV: 12    Int: 15    God:
                   SH:  0    Dex: 14

rFire   + + .      SeeInvis .    a - +2 dagger
rCold   x . .      Faith    .    (no shield)
rNeg    . . .      Spirit   .    e - +0 robe
rPois   ∞          Reflect  .    j - +1 hat
rElec   .          Harm     .    h - +0 cloak
rCorr   .          Rampage  .    (no gloves)
Will    .....                    (boots unavailable)
Stlth   +                        (no amulet)
HPRegen 0.26/turn                (no ring)
MPRegen 0.00/turn                (no ring)

@: wereblooded, flying
A: sickness immunity, fire resistance 2, cold vulnerability 1, float, innate
caster, HP casting, extra vitality 1
a: no special abilities


You were on level 4 of the Dungeon.
You visited 1 branch of the dungeon, and saw 4 of its levels.

You collected 212 gold pieces.

Inventory:

Hand Weapons
 a - a +2 dagger (weapon)
Missiles
 b - 3 curare-tipped darts (quivered)
 o - 5 poisoned darts
Armour
 e - a +0 robe (worn)
 h - a +0 cloak (worn)
 j - a +1 hat (worn)
Jewellery
 u - an amulet of faith
Scrolls
 g - 2 scrolls of noise {unknown}
 k - 6 scrolls of identify {unknown}
 l - 2 scrolls of fear {unknown}
 m - 2 scrolls of enchant armour {unknown}
 p - a scroll of immolation {unknown}
 s - a scroll of blinking {unknown}
Potions
 c - 2 potions of curing
 d - a potion of lignification
 f - 2 potions of heal wounds {unknown}
 i - a potion of haste {unknown}
 n - a potion of flight {unknown}
 q - a potion of cancellation {unknown}
 r - a potion of magic {unknown}
 t - a potion of mutation {unknown}


   Skills:
 - Level 1.0 Fighting
 + Level 3.2 Throwing
 - Level 2.2 Dodging
 - Level 3.0 Unarmed Combat
 + Level 1.5 Spellcasting
 + Level 2.6 Evocations


You had 4 spell levels left.
You knew the following spells:

 Your Spells              Type           Power      Damage    Failure   Level
a - Summon Small Mammal   Summ           20%        N/A       12%         1
b - Wereblood             Tmut           5%         N/A       19%         2
Your spell library was empty.

Dungeon Overview and Level Annotations

Branches:
Dungeon (4/15)
 Temple: D:4-7

Altars:

Annotations:
D:4 3 runed translucent doors, Dowan


Innate Abilities, Weirdness & Mutations

You are immune to sickness and miasma.
You are immune to poison.
Your flesh is very heat resistant. (rF++)
You are vulnerable to cold. (rC-)
You float through the air rather than walking.
You learn spells naturally, not from books.
Your magical power is your life essence.
You have superior vitality. (+4 MHP)


Message History

You hit the jackal.
You kill the jackal!
The jackal barks!
An iguana comes into view.
The jackal bites you but does no damage.
You closely miss the jackal. The jackal barely misses you.
Health restored: 37 You barely miss the jackal.
The jackal barely misses you.
The jackal bites you but does no damage.
You closely miss the jackal.
The jackal bites you but does no damage.
You hit the jackal. The jackal barely misses you.
The jackal closely misses you.
You hit the jackal.
The jackal bites you but does no damage.
You hit the jackal.
You kill the jackal!
The iguana bites you!
You hit the iguana but do no damage. The iguana bites you.
You take 13 damage, and have 24/37 hp.
MASSIVE DAMAGE!!
You aren't carrying any items that you can evoke.
Your blood is infused with primal strength.
The iguana bites you!
* * * LOW HITPOINT WARNING * * *
You take 14 damage, and have 10/37 hp.
MASSIVE DAMAGE!!
* * * LOW HITPOINT WARNING * * *
The iguana barely misses you.
You closely miss the iguana.
Your bat barely misses the iguana.
The iguana bites you but does no damage.
You hit the iguana but do no damage.
Your bat hits the iguana but does no damage.
The iguana bites you!
* * * LOW HITPOINT WARNING * * *
You take 9 damage, and have 1/37 hp.
MASSIVE DAMAGE!!
You hit the iguana but do no damage. Your bat hits the iguana.
The iguana bites you.
You die...

.....#.......................
.....................########
.....................#####
........................>#
#.#..................###.#
.#......................# # #
...............# .
###.###........#
#.....@........#
#....†l........#
#.....b........#
#..............#
................#
................
.........##...#. ##.......#
...#


You could see an iguana (ally target) and a friendly bat (summoned).

Vanquished Creatures
  A hound (D:4)
  2 adders (D:4)
  2 worms (D:2)
  A dart slug (D:1)
  5 ball pythons
  6 endoplasms
  A giant cockroach (D:2)
  7 goblins
  7 hobgoblins
  3 jackals
  2 quokkas
  4 bats
  5 frilled lizards (D:1)
  3 kobolds
  6 rats
55 creatures vanquished.

Notes
Turn   | Place    | Note
-------+----------+-------------------------------------------
     0 | D:1      | DEFE the Djinni Wanderer began the quest for the Orb.
     0 | D:1      | DEFE set off with the following items: a +2 dagger, 3
                  | curare-tipped darts, 2 potions of curing, a potion of
                  | lignification, a +0 robe.
     0 | D:1      | Reached XP level 1. HP: 17/17 MP: 0/0
   165 | D:1      | Reached XP level 2. HP: 22/22 MP: 0/0
   313 | D:1      | Reached XP level 3. HP: 16/27 MP: 0/0
   313 | D:1      | Learned a level 1 spell: Summon Small Mammal
   885 | D:2      | Reached skill level 1 in Spellcasting
  1285 | D:2      | Reached XP level 4. HP: 30/32 MP: 0/0
  2071 | D:4      | Found a runed translucent gate.
  2071 | D:4      | Found a runed translucent gate.
  2071 | D:4      | Found a runed translucent gate.
  2143 | D:4      | Noticed Dowan
  2211 | D:4      | Reached XP level 5. HP: 22/37 MP: 0/0
  2211 | D:4      | Learned a level 2 spell: Wereblood
  2425 | D:4      | HP: 1/37 [iguana (9)]
  2426 | D:4      | Slain by an iguana

Illustrated notes

Levels and vault maps discovered:
D:1:      saegor_arrival_simple_b, layout_rooms, minmay_ruptured
D:2:      layout_loops_ring
D:3:      layout_rooms, corner_web_ring
D:4:      layout_basic, gammafunk_ghost_necromancy, minivault_19,
          uniq_blork_the_orc, uniq_duvessa

Skill      XL: |  1  2  3  4 |
---------------+-------------+-----
Spellcasting   | 1 |  1.5
Evocations     | 2 |  2.6
Throwing       | 3 |  3.2
Fighting       | |  1.0
Dodging        | |  2.2
Unarmed Combat | |  3.0

Action                     |  1- 3 |  4- 6 || total
---------------------------+-------+-------++-------
  Melee: Dagger            |   105 |   114 ||   219
         Punch             |     3 |     3 ||     6
  Throw: Dart              |     2 |       ||     2
   Cast: Summon Small Mamm |     2 |     1 ||     3
         Wereblood         |       |     1 ||     1
   Stab: Distracted        |     1 |       ||     1
         Sleeping          |       |     1 ||     1
 Armour: Robe              |    38 |    33 ||    71
  Dodge: Dodged            |    53 |    71 ||   124

Table legend: (Time is in decaauts)
 A = Elapsed time spent in this place.
 B = Non-inter-level travel time spent in this place.
 C = Inter-level travel time spent in this place.
 D = Time resting spent in this place.
 E = Time spent auto-exploring this place.
 F = Levels seen in this place.
 G = Mean time per level.
                   A        B        C        D        E       F      G
               +--------+--------+--------+--------+--------+-----+--------+
         Total |   2425 |   2343 |     82 |    299 |   1575 |   4 |  606.2 |
       Dungeon |   2425 |   2343 |     82 |    299 |   1575 |   4 |  606.2 |
               +--------+--------+--------+--------+--------+-----+--------+

Top non-repeatable levels by time:
     D:2: 823 daAuts
     D:3: 668 daAuts
     D:1: 605 daAuts
     D:4: 328 daAuts
